 Dungeon Crawl Stone Soup version 0.28.0-45-g0d030f2227 (webtiles) character file.

Game seed: 18003477184351702013

23 dianekeaton the Chopper (level 3, -3/31 HPs)
             Began as a Hill Orc Fighter on Apr 5, 2022.
             Slain by a gnoll
             ... wielding a +0 halberd
              (9 damage)
             ... on level 2 of the Dungeon.
             The game lasted 00:01:54 (942 turns).

dianekeaton the Chopper (Hill Orc Fighter)           Turns: 942, Time: 00:01:54

Health: -3/31      AC:  6    Str: 20    XL:     3   Next: 0%
Magic:  3/3        EV:  9    Int:  8    God:
Gold:   25         SH:  4    Dex: 10    Spells: 2/2 levels left

rFire   . . .      SeeInvis .   a - +0 war axe
rCold   . . .      Faith    .   c - +0 buckler
rNeg    . . .      Spirit   .   b - +0 scale mail
rPois   .          Reflect  .   (no helmet)
rElec   .          Harm     .   (no cloak)
rCorr   .          Rampage  .   (no gloves)
Will    .....                   (no boots)
Stlth   ..........              (no amulet)
HPRegen 0.10/turn               (no ring)
MPRegen 0.08/turn               (no ring)

@: no status effects
A: no striking features
a: no special abilities


You were on level 2 of the Dungeon.
You visited 1 branch of the dungeon, and saw 2 of its levels.

You collected 25 gold pieces.

Inventory:

Hand Weapons
 a - a +0 war axe (weapon)
Missiles
 i - 44 stones (quivered)
Armour
 b - a +0 scale mail (worn)
 c - a +0 buckler (worn)
Scrolls
 e - a scroll of torment {unknown}
 g - a scroll of identify {unknown}
 l - a scroll of amnesia {unknown}
Potions
 d - a potion of might
 f - a potion of lignification {unknown}
 h - a potion of curing {unknown}
 j - a potion of invisibility {unknown}
 k - a potion of magic {unknown}


   Skills:
 - Level 3.6 Fighting
 + Level 4.5 Axes
 - Level 3.2 Armour
 + Level 0.1 Stealth
 - Level 3.2 Shields


You had 2 spell levels left.
You didn't know any spells.
Your spell library was empty.

Dungeon Overview and Level Annotations

Branches:
Dungeon (2/15)

Altars:


Message History

You miss the bat. You completely miss the bat. The bat barely misses you.
The bat hits you but does no damage. x2
You hit the bat but do no damage. You hit the bat.
You kill the bat!
You block the bat's attack. The bat hits you but does no damage.
You barely miss the bat. The bat hits you but does no damage.
You miss the bat. The bat barely misses you. You block the bat's attack.
You slash the bat!
You kill the bat!
You have reached level 3!
Your experience leads to an increase in your attributes!
Increase (S)trength, (I)ntelligence, or (D)exterity?
You feel stronger. x2
You enter the shallow water.
Moving in this stuff is going to be slow.
Things that are here:
a +0 club; a +0 club
Found a stone staircase leading down.
Found a pair of gloves.
You enter the shallow water.
Moving in this stuff is going to be slow.
l - a scroll labelled NITOG WIXKO 3 gnolls come into view.
The gnoll shouts! x2
You enter the shallow water.
Moving in this stuff is going to be slow.
Found a fuming amethyst potion.
You enter the shallow water.
Moving in this stuff is going to be slow.
You see here a bat corpse.
The gnoll hits you from afar with a +0 halberd.
The gnoll hits you from afar with a +0 halberd!
You open the door.
There is an open door here.
The gnoll hits you from afar with a +0 halberd.
The gnoll hits you from afar with a +0 halberd!
* * * LOW HITPOINT WARNING * * *
There is a stone staircase leading up here.
The gnoll hits you with a +0 halberd!
You die...

###### #.#.g..#
#.#.#@.#
#.#.####.#
..######.#......#
#...........#####
#...........+
#...........#
#...........#
#...........#
#...........#


You could see a gnoll.

Vanquished Creatures
  A worm (D:2)
  A dart slug (D:1)
  A ball python (D:1)
  3 bats
  2 endoplasms (D:1)
  4 goblins
  A quokka (D:1)
  2 frilled lizards
  A kobold (D:1)
  2 rats (D:1)
18 creatures vanquished.

Vanquished Creatures (others)
  A plant (D:2)
1 creature vanquished.

Grand Total: 19 creatures vanquished

Notes
Turn   | Place    | Note
-------+----------+-------------------------------------------
     0 | D:1      | dianekeaton the Hill Orc Fighter began the quest for the
                  | Orb.
     0 | D:1      | Reached XP level 1. HP: 19/19 MP: 1/1
    87 | D:1      | Reached skill level 3 in Axes
   261 | D:1      | Reached XP level 2. HP: 26/26 MP: 2/2
   379 | D:1      | Reached skill level 4 in Axes
   898 | D:2      | Reached XP level 3. HP: 31/31 MP: 3/3
   942 | D:2      | Slain by a gnoll

Illustrated notes

Levels and vault maps discovered:
D:1:      eino_arrival_cavern_d, layout_basic, chequers_garden
D:2:      layout_basic, serial_shops, nicolae_lakefront_shop, shop, shop,
          nicolae_shop_bloodbath_and_beyond, serial_bayou_pond_b,
          uniq_crazy_yiuf_cottage

Skill      XL: |  1  2 |
---------------+-------+-----
Axes           | 3 4 |  4.5
Fighting       | |  3.6
Armour         | |  3.2
Stealth        | |  0.1
Shields        | |  3.2

Action                   || total
-------------------------++-------
Melee: War axe           ||    45
Armor: Scale mail        ||    23
Dodge: Dodged            ||    26
Block: Buckler           ||    12
